 Dungeon Sprint DCSS version 0.30-a0-965-g42e074c17a (webtiles) character file.

Game seed: 16556063570351900533

1300000 sircluck the Plane Walker (level 12, -7/67 HPs)
             Began as a Spriggan Warper on Mar 31, 2023.
             Mangled by a meat berserker
             ... wielding a +9 battleaxe
              (44 damage)
             ... in the Dungeon (Sprint VIII: "Arena of Blood").
             The game lasted 00:00:41 (13 turns).

sircluck the Plane Walker (Spriggan Warper)           Turns: 13, Time: 00:00:42

Health: -7/67      AC:  2    Str:  7    XL:     12   Next: 45%
Magic:  5/33       EV: 34    Int: 14    God:
Gold:   0          SH:  0    Dex: 20    Spells: 43/43 levels left

rFire   . . .      SeeInvis +    j - +∞ Axe of Woe
rCold   . . .      Faith    .    (shield currently unavailable)
rNeg    . . .      Spirit   .    b - +0 robe
rPois   .          Reflect  .    (helmet restricted)
rElec   .          Rampage  .    (no cloak)
rCorr   .          NoTele   +    (gloves unavailable)
Will    ++...                    (boots unavailable)
Stlth   ++                       (no amulet)
HPRegen 0.31/turn                (no ring)
MPRegen 0.23/turn                (no ring)

@: very quick
A: very small, no large weapons, unfitting armour, see invisible, speed 3
a: no special abilities


You were in the Dungeon.
You visited 1 branch

Inventory:

Hand Weapons
 a - a +0 short sword
 j - the +∞ Axe of Woe (weapon)
   (You found it in the Dungeon)
Missiles
 d - 7 boomerangs of dispersal (quivered)
Armour
 b - a +0 robe (worn)
Scrolls
 c - 2 scrolls of blinking
Potions
 e - a potion of curing
 f - a potion of heal wounds
 g - a potion of haste
 h - 2 potions of magic
 i - a potion of berserk rage


   Skills:
 + Level 10.2 Fighting
 + Level 11.7 Short Blades
 + Level 4.5 Axes
 + Level 3.7 Throwing
 + Level 19.1 Dodging
 + Level 16.4 Spellcasting
 O Level 27 Translocations


You had 43 spell levels left.
You didn't know any spells.
Your spell library contained the following spells:

 Spells                   Type           Power      Damage    Failure   Level
 Blink                    Tloc           100%       N/A       0%          2
 Lesser Beckoning         Tloc           100%       N/A       0%          2
 Teleport Other           Tloc           72%        N/A       0%          3
 Manifold Assault         Tloc           72%        N/A       0%          4
 Vhi's Electric Charge    Tloc/Air       98%        N/A       1%          3


Dungeon Overview and Level Annotations

Branches:
Dungeon (1/1)

Altars:
Makhleb


Innate Abilities, Weirdness & Mutations

You are very small and have problems with some larger weapons.
You are too small for most types of armour.
You have supernaturally acute eyesight. (SInv)
You cover ground extremely quickly. (Speed+++)


Message History

Your experience leads to an increase in your attributes!
Increase (S)trength, (I)ntelligence, or (D)exterity?
You feel agile. x2
You have reached level 4!
You have reached level 5!
You feel agile.
You have reached level 6!
You have reached level 7!
You have reached level 8!
You have reached level 9!
Your experience leads to an increase in your attributes!
Increase (S)trength, (I)ntelligence, or (D)exterity?
You feel agile. x2
You have reached level 10!
You feel agile.
You have reached level 11!
The bag of meat shouts!
You slash the bag of meat!
You butcher the bag of meat messily.
You kill the bag of meat!
You hear a shout! x2
A meat berserker comes into view. It is wielding a +9 battleaxe.
You hear a shout! x4
The meat berserker hits you with a +9 battleaxe!!
You hear a shout!
Your Fighting skill gained 2 levels and is now at level 10!
Your Short Blades skill increases to level 11!
Your Axes skill increases to level 4!
Your Dodging skill gained 2 levels and is now at level 19!
Your Spellcasting skill gained 2 levels and is now at level 16!
You have mastered Translocations!
You have reached level 12!
You slash the meat berserker!
You butcher the meat berserker messily.
You kill the meat berserker!
You hit the bag of meat. You chop the bag of meat into pieces.
You kill the bag of meat!
The meat berserker rages.
You hear a shout! x6
The meat berserker hits you with a +9 battleaxe!!!
Ouch! That really hurt!
You die...

....... . ..........
.o ..........o ...
.o....... ...
#.......# ..#..
#.......# .
......###.ooOo..###..
.....o.@)Oo###.......
...#...O...._........
#.....o.#.....#....
......o..#_.<._# .
.#.......#.....#
...#.o......_.....
...........###......
......###... ..###..
.... #... ..# .


You could see 3 meat berserkers and 9 bags of meat.

Vanquished Creatures
  2 ogres (D)
  2 orcs (D)
4 creatures vanquished.

Notes
Turn   | Place    | Note
-------+----------+-------------------------------------------
     0 | D        | Found the +∞ Axe of Woe
     0 | D        | sircluck the Spriggan Warper began the quest for the Orb.
     0 | D        | Reached XP level 1. HP: 10/10 MP: 5/5
     2 | D        | Noticed a bag of meat
     4 | D        | Noticed a bag of meat
     4 | D        | Noticed a bag of meat
     6 | D        | Noticed a bag of meat
     6 | D        | Noticed a bag of meat
     7 | D        | Noticed a meat berserker
     8 | D        | Noticed a bag of meat
     8 | D        | Noticed a bag of meat
     8 | D        | Noticed a meat berserker
     8 | D        | Noticed a meat berserker
     8 | D        | Noticed a bag of meat
     9 | D        | Noticed a bag of meat
    10 | D        | Noticed a bag of meat
    11 | D        | Killed a meat berserker
    11 | D        | Noticed a bag of meat
    11 | D        | Noticed a bag of meat
    11 | D        | Noticed a bag of meat
    11 | D        | Noticed a meat berserker
    12 | D        | Reached skill level 10 in Short Blades
    12 | D        | Reached skill level 26 in Translocations
    12 | D        | Reached XP level 2. HP: 23/23 MP: 5/18
    12 | D        | Reached XP level 3. HP: 26/26 MP: 5/20
    12 | D        | Reached XP level 4. HP: 31/31 MP: 5/21
    12 | D        | Reached XP level 5. HP: 35/35 MP: 5/23
    12 | D        | Reached XP level 6. HP: 39/39 MP: 5/24
    12 | D        | Reached XP level 7. HP: 44/44 MP: 5/26
    12 | D        | Reached XP level 8. HP: 49/49 MP: 5/27
    12 | D        | Reached XP level 9. HP: 52/52 MP: 5/28
    12 | D        | Reached XP level 10. HP: 57/57 MP: 5/29
    12 | D        | Reached XP level 11. HP: 60/60 MP: 5/30
    12 | D        | Killed a bag of meat
    12 | D        | Noticed a meat berserker
    13 | D        | Reached skill level 10 in Fighting
    13 | D        | Reached skill level 27 in Translocations
    13 | D        | Reached XP level 12. HP: 37/67 MP: 5/33
    13 | D        | Killed a meat berserker
    13 | D        | Killed a bag of meat
    13 | D        | Mangled by a meat berserker

Illustrated notes

Levels and vault maps discovered:
D:        meatsprint

Skill      XL: |  1  2  3  4  5  6  7  8  9 10 11 |
---------------+----------------------------------+-----
Fighting       | 8 10 | 10.2
Short Blades   | 10 11 | 11.7
Axes           | 3 4 |  4.5
Throwing       | 3 |  3.7
Dodging        | 17 19 | 19.1
Spellcasting   | 14 16 | 16.4
Translocations | 26 27 | 27.0

Action                     |  1- 3 |  4- 6 |  7- 9 | 10-12 || total
---------------------------+-------+-------+-------+-------++-------
  Melee: Broad axe         |     1 |       |       |     2 ||     3

Table legend: (Time is in decaauts)
 A = Elapsed time spent in this place.
 B = Non-inter-level travel time spent in this place.
 C = Inter-level travel time spent in this place.
 D = Time resting spent in this place.
 E = Time spent auto-exploring this place.
 F = Levels seen in this place.
 G = Mean time per level.
                   A        B        C        D        E       F      G
               +--------+--------+--------+--------+--------+-----+--------+
         Total |      9 |      9 |      0 |      0 |      0 |   1 |    9.0 |
       Dungeon |      9 |      9 |      0 |      0 |      0 |   1 |    9.0 |
               +--------+--------+--------+--------+--------+-----+--------+

Top non-repeatable levels by time:
       D: 9 daAuts
